 Dungeon Crawl Stone Soup version 0.25.1-2-g60ff931df9 (webtiles) character file.

Game seed: 5578149230929706611

809 KamiKatze the Cutter (level 7, -4/37 HPs)
             Began as a Vine Stalker Fighter on Sept 4, 2020.
             Was a Believer of Uskayaw.
             Slain by Pikel
             ... wielding a +1 whip of flaming
              (6 damage)
             ... on level 5 of the Dungeon.
             The game lasted 00:15:19 (3543 turns).

KamiKatze the Cutter (Vine Stalker Fighter)         Turns: 3543, Time: 00:15:19

Health: -4/37      AC:  7    Str: 20    XL:     7   Next: 92%
Magic:  0/8        EV:  8    Int:  8    God:    Uskayaw [**....]
Gold:   198        SH: 10    Dex: 14    Spells: 6/6 levels left

rFire    . . .     SeeInvis +   a - +0 rapier
rCold    . . .     Gourm    .   c - +0 kite shield
rNeg     . . .     Faith    +   b - +0 scale mail
rPois    .         Spirit   +   (no helmet)
rElec    .         Reflect  .   (no cloak)
rCorr    .         Harm     .   (no gloves)
MR       .....                  (no boots)
Stlth    ..........             o - amulet of faith
HPRegen  0.52/turn              v - ring of see invisible
MPRegen  0.11/turn              (no ring)

@: no status effects
A: fangs 2, regeneration 1, magic shield, antimagic bite, no potion heal 3, rot
immunity
a: Stomp, Line Pass, Renounce Religion


You were on level 5 of the Dungeon.
You worshipped Uskayaw.
Uskayaw was noncommittal.
You were not hungry.

You visited 2 branches of the dungeon, and saw 6 of its levels.

You collected 198 gold pieces.

Inventory:

Hand Weapons
 a - a +0 rapier (weapon)
Missiles
 e - 117 stones
 q - 7 poisoned darts (quivered)
Armour
 b - a +0 scale mail (worn)
 c - a +0 kite shield (worn)
 h - a +0 pair of gloves
 B - a +0 plate armour
Jewellery
 o - an amulet of faith (around neck)
 v - a ring of see invisible (left hand)
 C - a cursed ring of attention {unknown}
Wands
 r - a wand of acid (10)
 y - a wand of random effects (21)
 z - a wand of flame (20)
Scrolls
 i - 2 scrolls of enchant armour {unknown}
 j - 5 scrolls of remove curse {unknown}
 m - 4 scrolls of magic mapping {unknown}
 n - 5 scrolls of identify {unknown}
 p - 2 scrolls of fog {unknown}
 u - a scroll of fear {unknown}
 x - a scroll of teleportation {unknown}
 A - a scroll of amnesia {unknown}
Potions
 d - a potion of might
 f - 2 potions of heal wounds {unknown}
 g - a potion of haste {unknown}
 k - 2 potions of curing {unknown}
 l - 2 potions of flight {unknown}
 s - 3 potions of lignification {unknown}
 w - a potion of brilliance {unknown}
Comestibles
 t - 6 rations


   Skills:
 + Level 4.3 Fighting
 * Level 5.1 Short Blades
 + Level 3.9 Armour
 + Level 0.8 Dodging
 + Level 4.3 Shields
 + Level 1.0 Invocations


You had 6 spell levels left.
You didn't know any spells.
Your spell library contained the following spells:

 Spells                   Type           Power        Failure   Level  Hunger
 Sandblast                Erth           #.....       99%         1    ##.....
 Passwall                 Tmut/Erth      #.......     100%        2    ###....
 Stone Arrow              Conj/Erth      #.....       100%        3    ####...
 Petrify                  Tmut/Erth      #.......     100%        4    #####..
 Lee's Rapid Deconstruct  Erth           #.........   100%        5    ######.


Dungeon Overview and Level Annotations

Branches:
Dungeon (5/15)             Temple (1/1) D:4

Altars:
Dithmenos
Elyvilon
Fedhas
Gozag
Hepliaklqana
Makhleb
Nemelex Xobeh
Okawaru
Qazlal
Ru
Sif Muna
Trog
Uskayaw
Vehumet
Xom
Yredelemnul
Zin
The Shining One

Shops:
D:4 %

Annotations:
D:5 Pikel


Innate Abilities, Weirdness & Mutations

You have extremely sharp teeth.
Your natural rate of healing is unusually fast.
When hurt, damage is shared between your health and your magic reserves.
Your bite disrupts and absorbs the magic of your enemies.
Potions cannot restore your health.
You are immune to rotting.


Message History

The slave hits you.
* * * LOW HITPOINT WARNING * * *
You hit Pikel.
Pikel is moderately wounded.
The slave barely misses you. You block the slave's attack.
You block Pikel's attack. You block the slave's attack.
You can now pass through a line of other dancers.
Unknown command.
You closely miss Pikel.
Pikel is moderately wounded.
You block the slave's attack. The slave barely misses you.
Pikel closely misses you. The slave hits you!
* * * LOW HITPOINT WARNING * * *
The slave hits you but does no damage.
Unknown command.
You hit Pikel. Your bite misses Pikel.
Pikel is heavily wounded.
The slave barely misses you.
Pikel hits you with a +1 whip of flaming!
You die...

## $. #. #. #. .#####.#####
..........p# .####...##p#
.# .......<.K@# p#
.####...#pp###.##
##.##......... ...
#.####.##. #### #.# .#
#######.####.# #..
.........<.....p.#
#.###...###.###.######
#.##.....##.###.###########


You could see Pikel (strong) and 4 slaves.

Vanquished Creatures
  Grinder (D:5)
  Sigmund (D:4)
  An ogre (D:4)
  A scorpion (D:4)
  A crimson imp (D:5)
  A hound (D:4)
  An orc priest (D:4)
  2 orc wizards
  2 worker ants (D:4)
  7 adders
  2 adder skeletons
  2 worms (D:2)
  2 dart slugs
  4 orcs
  2 ball pythons
  5 bats
  3 giant cockroaches
  6 goblins
  7 hobgoblins
  3 jackals (D:1)
  3 quokkas
  6 frilled lizards
  A jackal skeleton (D:4)
  8 kobolds
  8 rats
80 creatures vanquished.

Notes
Turn   | Place    | Note
-------+----------+-------------------------------------------
     0 | D:1      | KamiKatze the Vine Stalker Fighter began the quest for the
                  | Orb.
     0 | D:1      | Reached XP level 1. HP: 11/11 MP: 2/2
    88 | D:1      | Reached skill level 2 in Short Blades
   135 | D:1      | Reached XP level 2. HP: 13/16 MP: 3/3
   413 | D:1      | Reached XP level 3. HP: 17/19 MP: 4/4
   792 | D:2      | Gained mutation: Your natural rate of healing is unusually
                  | fast. [Vine Stalker growth]
   792 | D:2      | Reached XP level 4. HP: 13/24 MP: 5/5
   844 | D:2      | Found a bloodstained altar of Trog.
  1485 | D:3      | Reached skill level 3 in Short Blades
  1824 | D:3      | Reached XP level 5. HP: 26/28 MP: 6/6
  2673 | D:4      | Reached XP level 6. HP: 22/32 MP: 5/7
  2768 | D:4      | Found a blossoming altar of Fedhas.
  2769 | D:4      | Found a staircase to the Ecumenical Temple.
  2779 | Temple   | Entered the Ecumenical Temple
  2823 | Temple   | Became a worshipper of Uskayaw the Reveler
  2942 | D:4      | Found Taohug's Food Shoppe.
  2985 | D:4      | Reached * piety under Uskayaw
  2991 | D:4      | Reached ** piety under Uskayaw
  2992 | D:4      | Reached skill level 4 in Short Blades
  3064 | D:4      | Noticed Sigmund
  3070 | D:4      | Killed Sigmund
  3070 | D:4      | Reached XP level 7. HP: 31/37 MP: 6/8
  3300 | D:4      | Reached *** piety under Uskayaw
  3355 | D:5      | Entered Level 5 of the Dungeon
  3355 | D:5      | Noticed Grinder
  3359 | D:5      | Paralysed by Grinder for 3 turns
  3370 | D:5      | Killed Grinder
  3370 | D:5      | Reached skill level 5 in Short Blades
  3403 | D:5      | Reached skill level 1 in Invocations
  3403 | D:5      | Reached **** piety under Uskayaw
  3467 | D:5      | Found a hazy altar of Hepliaklqana.
  3519 | D:5      | Noticed Pikel
  3543 | D:5      | Slain by Pikel

Illustrated notes

Levels and vault maps discovered:
D:1:      nzn_arrival_depleted_hourglass, layout_rooms, fountainhead
D:2:      layout_loops_cross, lemuel_coloured_pillars_altar
D:3:      layout_basic, first_ration, kennysheep_minor_cross
D:4:      layout_loops_cross, nicolae_overflow_crystal_walls,
          minmay_temple_entry_gardened_gates, serial_shops, shop_fountains,
          uniq_sigmund
D:5:      layout_loops_ring, kiku_gazebo_pond_becter,
          nicolae_overflow_hidden_temple, marbit_many_paths, chei_slow_surprise,
          uniq_grinder, uniq_pikel
Temple:   regret_index_temple_waves

Skill      XL: |  1  2  3  4  5  6  7 |
---------------+----------------------+-----
Short Blades   | 2 3 4 5 |  5.1
Shields        | 3 4 |  4.3
Fighting       | 3 4 |  4.3
Armour         | 3 |  3.9
Invocations    | 1 |  1.0
Dodging        | |  0.8

Action                   |  1- 3 |  4- 6 |  7- 9 || total
-------------------------+-------+-------+-------++-------
Melee: Rapier            |    93 |   125 |    66 ||   284
       Bite              |    33 |    34 |    18 ||    85
Throw: Stone             |     9 |     5 |       ||    14
       Dart              |       |     3 |       ||     3
  Use: Potion            |       |     1 |       ||     1
 Stab: Paralysed         |       |       |     2 ||     2
  Eat: Chunk             |       |     7 |     2 ||     9
Armor: Scale mail        |    34 |    45 |    23 ||   102
Dodge: Dodged            |    26 |    33 |    11 ||    70
Block: Kite shield       |    44 |    67 |    36 ||   147
